 Dungeon Crawl Stone Soup version 0.24-a0-441-g27f0392e16 (webtiles) character file.

Game seed: 4730259741661407864

7336 gruber the Geomancer (level 11, -2/69 HPs)
             Began as a Gargoyle Earth Elementalist on June 19, 2019.
             Was a Believer of Vehumet.
             Slain by a spectral komodo dragon (10 damage)
             ... in a Gauntlet.
             The game lasted 00:17:22 (9438 turns).

gruber the Geomancer (Gargoyle Earth Elementalist)  Turns: 9438, Time: 00:17:22

Health: -2/69      AC: 19    Str: 14    XL:     11   Next: 13%
Magic:  9/20       EV: 12    Int: 19    God:    Vehumet [**....]
Gold:   668        SH:  0    Dex: 10    Spells: 4/22 levels left

rFire    + . .     SeeInvis .   p - +0 flail (protect)
rCold    . . .     Gourm    .   (no shield)
rNeg     + . .     Faith    +   z - +2 robe {rF+}
rPois    ∞         Spirit   .   u - +1 helmet
rElec    +         Reflect  .   (no cloak)
rCorr    .         Harm     .   F - +1 pair of gloves of Responsibility {*Drain rElec Regen+}
MR       .....     NoTele   +   C - +2 pair of boots
Stlth    ++........             H - amulet of faith
HPRegen  0.61/turn              e - +2 ring of strength
MPRegen  0.17/turn              (no ring)

@: slowed, very slow
A: negative energy resistance 1, electricity resistance, unbreathing,
petrification resistance, rot immunity, AC +8
a: Renounce Religion


You were in a Gauntlet.
You worshipped Vehumet.
Vehumet was pleased with you.
You were not hungry.

You visited 2 branches of the dungeon, and saw 12 of its levels.
You also visited: Gauntlet.

You collected 668 gold pieces.

Inventory:

Hand Weapons
 c - a +1 whip of draining
 p - a +0 flail of protection (weapon)
Missiles
 b - 53 stones (quivered)
 r - 6 javelins
Armour
 g - a +0 shield
 u - a +1 helmet (worn)
 z - a +2 robe of fire resistance (worn)
 C - a +2 pair of boots (worn)
 F - the +1 pair of gloves of Responsibility (worn) {*Drain rElec Regen+}
   (You found it on level 7 of the Dungeon)

   It insulates you from electricity.
   It increases your rate of regeneration.
   It causes draining when unequipped.
Jewellery
 e - a +2 ring of strength (left hand)
 H - an amulet of faith (around neck)
Wands
 v - a wand of flame (61)
 x - a wand of iceblast (10)
 y - a wand of random effects (41)
 J - a wand of disintegration (13)
Scrolls
 a - 3 scrolls of amnesia {unknown}
 h - 6 scrolls of teleportation {unknown}
 i - 4 scrolls of enchant armour
 k - 5 scrolls of remove curse {unknown}
 l - a scroll of fear {unknown}
 A - 2 scrolls of immolation {unknown}
 B - 2 scrolls of magic mapping {unknown}
 D - 2 scrolls of blinking {unknown}
 E - 2 scrolls of fog {unknown}
 G - 6 scrolls of enchant weapon {unknown}
 L - a scroll of brand weapon {unknown}
 M - a scroll of noise {unknown}
Potions
 f - 3 potions of lignification
 j - 3 potions of brilliance
 n - 2 potions of flight
 o - a potion of agility
 q - 2 potions of heal wounds
 s - 3 potions of degeneration
 t - 3 potions of curing
 w - a potion of magic {unknown}
 I - a potion of mutation {unknown}
 K - a potion of resistance {unknown}
Comestibles
 d - 21 rations


   Skills:
 * Level 8.4 Fighting
 - Level 8.0 Maces & Flails
 - Level 1.5 Dodging
 - Level 2.1 Stealth
 - Level 6.0 Spellcasting
 - Level 1.0 Transmutations
 - Level 13.0 Earth Magic


You had 4 spell levels left.
You knew the following spells:

 Your Spells              Type           Power        Failure   Level  Hunger
a - Sandblast             Erth           ######       1%          1    None
b - Stone Arrow           Conj/Erth      ####..       2%          3    ##.....
c - Lee's Rapid Deconstr  Erth           ######....   1%          5    #####..
d - Blink                 Tloc           N/A          17%         2    None
e - Mephitic Cloud        Conj/Pois/Air  #.......     32%         3    ##.....
f - Petrify               Tmut/Erth      ####....     6%          4    ####...

Your spell library contained the following spells:

 Spells                   Type           Power        Failure   Level  Hunger
 Throw Frost              Conj/Ice       #.....       17%         2    None
 Passwall                 Tmut/Erth      ####....     1%          2    None
 Animate Skeleton         Necr           N/A          11%         1    None
 Apportation              Tloc           #.....       11%         1    None
 Confusing Touch          Hex            #.....       11%         1    None
 Magic Dart               Conj           #...         11%         1    None
 Summon Small Mammal      Summ           #...         11%         1    None
 Call Imp                 Summ           #.......     17%         2    None
 Searing Ray              Conj           #.....       17%         2    None
 Slow                     Hex            #.......     17%         2    None
 Conjure Flame            Conj/Fire      #.......     32%         3    ##.....
 Dazzling Spray           Conj/Hex       #.....       32%         3    ##.....
 Force Lance              Conj/Tloc      #.......     73%         4    ####...
 Fulminant Prism          Conj/Hex       #.........   73%         4    ####...
 Iskenderun's Mystic Bla  Conj           #.......     73%         4    ####...
 Irradiate                Conj/Tmut      #.........   94%         5    #####..
 Hydra Form               Tmut           #.........   100%        6    #######
 Dragon Form              Tmut           #.........   100%        7    #######
 Statue Form              Tmut/Erth      Unusable     N/A         6    N/A

Dungeon Overview and Level Annotations

Branches:
Dungeon (11/15)            Temple (1/1) D:7            Lair (0/6) D:9
    Orc: D:9-12

Altars:
Ashenzari
Cheibriados
Fedhas
Gozag
Kikubaaqudgha
Makhleb
Nemelex Xobeh
Okawaru
Qazlal
Sif Muna
Uskayaw
Vehumet
Wu Jian
Xom
Yredelemnul
Zin
The Shining One

Shops:
D:6 *

Annotations:
D:8 3 runed translucent doors, PeterLawrence's ghost, novice GrFi Gauntlet 11 transporters


Innate Abilities, Weirdness & Mutations

You are resistant to torment.
Your stone body is resilient. (AC +8)
You are immune to poison.
You resist negative energy. (rN+)
You are resistant to electric shocks. (rElec)
You can survive without breathing.
You are immune to petrification.
You are immune to rotting.


Message History

Casting: Sandblast (safe; 1% risk of failure)
Confirm with . or Enter, or press ? or * to list all spells.
Aiming: Sandblast (safe; 1% risk of failure)
Press: ? - help, Shift-Dir - straight line, f/p - death scarab
Aim: a death scarab (severely damaged)
The blast of sand hits the death scarab!
You destroy the death scarab!
Vehumet accepts your kill.
Your Fighting skill increases to level 8!
b - 53 stones The spectral death yak gores you!
* * * LOW HITPOINT WARNING * * *
The spectral death yak gores you!
* * * LOW HITPOINT WARNING * * *
Casting: Sandblast (safe; 1% risk of failure)
Confirm with . or Enter, or press ? or * to list all spells.
You blink.
The spectral komodo dragon closely misses you.
The spectral komodo dragon bites you!
You die...

### ### ### ### ### ##
#8# #8# #8# #8# #8# #8
#######################
###≈............≈∩≈......
#8#.......©.............©
###..###########...######
#..###.##.##Z#...#s....
###..###.##.##.#.∩.#Z.##.
#8#..#..@Z.§..##...#.#..#
###..#©##Z##†###...#.#..#
#..#.##.##.###...#.^###
###..#.#...s...#...#.#..#
#8#..##.##.##.##...#.#..#
###..#####.##..#...#..##.
#..#..?.©":..#...#..|.©
###..###########...######
#8#.....#.©.#....≈.......


You could see a spectral komodo dragon and a spectral death yak.

Vanquished Creatures
  A two-headed ogre (D:11)
  A death yak (D:8)
  2 death scarabs (Gauntlet)
  A cyclops (D:9)
  2 hornets
  Sigmund (D:4)
  Menkaure (D:5)
  A water moccasin (D:9)
  3 ice beasts
  2 sky beasts (D:9)
  6 orc warriors
  2 black bears
  2 ogres
  Blork the orc (D:4)
  2 big kobolds (D:10)
  8 bullfrogs
  A scorpion (D:9)
  4 crimson imps
  A bullfrog zombie (D:6)
  A centaur zombie (D:5)
  2 quasits
  2 jellies
  3 orc wizards
  2 bullfrog skeletons
  6 orc priests
  6 hounds
  2 iguanas
  11 worker ants
  2 hound skeletons
  3 worker ant zombies
  A howler monkey skeleton (D:6)
  12 adders
  4 gnolls (D:3)
  A shadow imp (D:8)
  5 adder skeletons
  2 adder zombies (D:6)
  4 worms
  3 dart slugs (D:1)
  4 leopard geckos
  33 orcs
  3 giant cockroaches
  9 goblins
  8 hobgoblins
  2 jackals (D:7)
  11 kobolds
  3 ball pythons
  6 bats
  7 frilled lizards
  2 jackal skeletons (D:6)
  A leopard gecko zombie (D:6)
  A quokka skeleton (D:6)
  7 rats
211 creatures vanquished.

Notes
Turn   | Place    | Note
-------+----------+-------------------------------------------
     0 | D:1      | gruber the Gargoyle Earth Elementalist began the quest for
                  | the Orb.
     0 | D:1      | Reached XP level 1. HP: 10/10 MP: 3/3
   185 | D:1      | Reached skill level 4 in Earth Magic
   198 | D:1      | Reached XP level 2. HP: 10/15 MP: 0/5
   444 | D:1      | Reached XP level 3. HP: 14/19 MP: 2/6
   992 | D:2      | Reached skill level 5 in Earth Magic
  1075 | D:2      | Reached XP level 4. HP: 24/24 MP: 6/8
  1153 | D:2      | Found an ornate altar of the Wu Jian Council.
  1709 | D:3      | Reached XP level 5. HP: 27/28 MP: 3/10
  1800 | D:3      | Found an ornate altar of the Wu Jian Council.
  1935 | D:3      | Reached skill level 6 in Earth Magic
  1970 | D:3      | Reached XP level 6. HP: 30/32 MP: 7/12
  2411 | D:4      | Noticed Sigmund
  2419 | D:4      | Killed Sigmund
  2529 | D:4      | Reached XP level 7. HP: 32/36 MP: 8/14
  2617 | D:4      | Reached skill level 5 in Spellcasting
  2617 | D:4      | Reached skill level 7 in Earth Magic
  2978 | D:4      | Noticed Blork the orc
  2991 | D:4      | Killed Blork the orc
  3373 | D:5      | Entered Level 5 of the Dungeon
  3373 | D:5      | Noticed Menkaure
  3377 | D:5      | Killed Menkaure
  3446 | D:5      | Reached skill level 8 in Earth Magic
  3514 | D:5      | Reached XP level 8. HP: 40/41 MP: 11/17
  3585 | D:5      | Learned a level 3 spell: Stone Arrow
  3591 | D:5      | Learned a level 5 spell: Lee's Rapid Deconstruction
  3594 | D:5      | Learned a level 2 spell: Blink
  3598 | D:5      | Learned a level 3 spell: Mephitic Cloud
  3691 | D:5      | Found an ancient bone altar of Kikubaaqudgha.
  3692 | D:5      | Found a blossoming altar of Fedhas.
  4004 | D:6      | Reached skill level 9 in Earth Magic
  4041 | D:6      | Found an opulent altar of Gozag.
  4131 | D:6      | Found Uhiblaed's Assorted Antiques.
  4220 | D:6      | Reached skill level 10 in Earth Magic
  4607 | D:6      | Reached skill level 11 in Earth Magic
  4821 | D:7      | Reached XP level 9. HP: 43/45 MP: 14/18
  4859 | D:7      | Reached skill level 12 in Earth Magic
  5034 | D:7      | Found a staircase to the Ecumenical Temple.
  5097 | Temple   | Entered the Ecumenical Temple
  5112 | Temple   | Became a worshipper of Vehumet
  5363 | D:7      | Got a pair of smoking gloves
  5365 | D:7      | Identified the +1 pair of gloves of Responsibility {*Drain
                  | rElec Regen+} (You found it on level 7 of the Dungeon)
  5493 | D:8      | Found a runed translucent gate.
  5494 | D:8      | Found a runed translucent gate.
  5494 | D:8      | Found a runed translucent gate.
  5494 | D:8      | Noticed PeterLawrence's ghost (novice GrFi)
  5648 | D:8      | Reached skill level 13 in Earth Magic
  5760 | D:8      | Found a hide-covered altar of Uskayaw.
  6056 | D:8      | Found a basalt altar of Yredelemnul.
  6056 | D:8      | Found a deep blue altar of Sif Muna.
  6449 | D:9      | Reached skill level 1 in Fighting
  6449 | D:9      | Reached skill level 1 in Maces & Flails
  6508 | D:9      | Noticed a death yak
  6508 | D:9      | Noticed a death yak
  6558 | D:9      | Noticed a cyclops
  6562 | D:9      | Killed a cyclops
  6568 | D:9      | Learned a level 4 spell: Petrify
  6622 | D:9      | Noticed a hornet
  6630 | D:9      | Killed a hornet
  6630 | D:9      | Reached * piety under Vehumet
  6630 | D:9      | Offered knowledge of Shock by Vehumet.
  6630 | D:9      | Reached XP level 10. HP: 41/56 MP: 4/19
  6853 | D:9      | Reached skill level 5 in Maces & Flails
  7091 | D:9      | Noticed a death yak
  7104 | D:9      | Noticed a death yak
  7225 | D:8      | Killed a death yak
  7225 | D:8      | Reached skill level 5 in Fighting
  7460 | D:9      | Found a staircase to the Lair.
  8011 | D:10     | Entered Level 10 of the Dungeon
  8158 | D:10     | Reached skill level 1 in Transmutations
  8546 | D:10     | Reached ** piety under Vehumet
  8551 | D:10     | Offered knowledge of Throw Frost by Vehumet.
  8957 | D:11     | Noticed a two-headed ogre
  8963 | D:11     | Killed a two-headed ogre
  8974 | D:11     | Found a gate leading to a gauntlet.
  8985 | Gauntlet | Entered a Gauntlet
  8985 | Gauntlet | Found a transporter.
  8985 | Gauntlet | Found a transporter.
  8985 | Gauntlet | Noticed a death scarab
  8985 | Gauntlet | Noticed a death scarab
  8986 | Gauntlet | Noticed a spectral death yak
  8988 | Gauntlet | Found a transporter.
  8990 | Gauntlet | Found a transporter.
  8997 | Gauntlet | Noticed a death scarab
  9015 | Gauntlet | Found a transporter.
  9072 | Gauntlet | Found a transporter.
  9098 | Gauntlet | Found a transporter.
  9109 | Gauntlet | Noticed a spectral four-headed hydra
  9118 | Gauntlet | Found a transporter.
  9123 | Gauntlet | Found a transporter.
  9123 | Gauntlet | Noticed a tengu warrior
  9126 | Gauntlet | Found a transporter.
  9135 | Gauntlet | Found a transporter.
  9135 | Gauntlet | Noticed a worldbinder
  9211 | Gauntlet | Found a transporter.
  9411 | Gauntlet | Killed a death scarab
  9411 | Gauntlet | Reached XP level 11. HP: 51/67 MP: 17/20
  9436 | Gauntlet | Killed a death scarab
  9438 | Gauntlet | Slain by a spectral komodo dragon

Levels and vault maps discovered:
D:1:      lightli_arrival_chessboard, layout_loops_ring, st_stairs_7
D:2:      layout_rooms, first_ration, lemuel_tele_altar
D:3:      layout_loops_ring, overflow_temple_1_default, dk_vineyard_3
D:4:      layout_basic, minmay_misc_feat_diagonals, uniq_sigmund,
          uniq_blork_the_orc
D:5:      kennysheep_spiral_hall, layout_basic,
          grunt_temple_overflow_growth_and_decay, uniq_menkaure
D:6:      layout_cave_pods, lemuel_doored_altar, serial_undead, serial_undead_a,
          serial_undead_a, serial_undead_d, serial_undead_b, serial_shops, shop,
          minivault_24
D:7:      layout_gridville, minmay_temple_entry_grid
D:8:      layout_layer_cave, old_standard_altar,
          gammafunk_temple_overflow_pools, gammafunk_ghost_spectres
D:9:      layout_grid_maze, dpeg_lair_monsters
D:10:     layout_loops_cross, blue_anna_alchemist [blue_anna_fruit_fields,
          blue_anna_fruit_fields]
D:11:     layout_roguey, gauntlet_entry_generic, nicolae_benzene_ring
Temple:   eino_wide_crystal_templ
Gauntlet: gammafunk_gauntlet_shortcut [gammafunk_gauntlet_arena_crates,
          gammafunk_gauntlet_arena_spirals, nicolae_gauntlet_arena_quarters,
          gammafunk_gauntlet_arena_corners, gammafunk_gauntlet_arena_chambers,
          gammafunk_gauntlet_arena_split_diamond, gauntlet_exit_spiral]

Skill      XL: |  1  2  3  4  5  6  7  8  9 10 11 |
---------------+----------------------------------+-----
Earth Magic    | 4 5 6 8 11 13 | 13.0
Spellcasting   | 3 4 6 |  6.0
Fighting       | 3 7 8 |  8.4
Maces & Flails | 4 8 |  8.0
Transmutations | 1 |  1.0
Dodging        | |  1.5
Stealth        | |  2.1

Action                   |  1- 3 |  4- 6 |  7- 9 | 10-12 || total
-------------------------+-------+-------+-------+-------++-------
Melee: Unarmed           |    25 |     9 |       |       ||    34
       Whip              |       |    10 |       |       ||    10
       Flail             |       |    13 |    65 |    63 ||   141
 Cast: Sandblast         |    47 |    63 |   152 |    84 ||   346
       Stone Arrow       |       |       |     3 |     8 ||    11
       Lee's Rapid Decon |       |       |     2 |     3 ||     5
       Blink             |       |       |       |     7 ||     7
       Petrify           |       |       |       |     3 ||     3
  Use: Scroll            |       |       |     2 |     7 ||     9
 Stab: Sleeping          |     1 |       |       |       ||     1
       Petrified         |       |       |       |     1 ||     1
  Eat: Chunk             |       |     5 |    11 |     3 ||    19
       Ration            |       |       |     1 |     2 ||     3
Armor: Robe              |    32 |    20 |    67 |    46 ||   165
Dodge: Dodged            |    42 |    39 |    94 |    68 ||   243

Table legend:
 A = Non-vault XP
 B = Vault XP
 C = Vault XP percentage of total XP
 D = Non-vault monster count
 E = Vault monster count
 F = Vault count percentage of total count
                 A         B        C        D         E       F
            +---------+---------+-------+---------+---------+-------
      Total |    7108 |    3373 |  32.2 |     192 |      19 |   9.0
            +---------+---------+-------+---------+---------+-------
        D:1 |      63 |       1 |   1.6 |      32 |       1 |   3.0
        D:2 |      83 |       0 |   0.0 |      19 |       0 |   0.0
        D:3 |     179 |       0 |   0.0 |      18 |       0 |   0.0
        D:4 |     289 |     304 |  51.3 |      19 |       2 |   9.5
        D:5 |     199 |     257 |  56.4 |       8 |       3 |  27.3
        D:6 |     732 |     113 |  13.4 |      16 |       9 |  36.0
        D:7 |    1039 |       0 |   0.0 |      18 |       0 |   0.0
        D:8 |     338 |     872 |  72.1 |      13 |       1 |   7.1
        D:9 |    2332 |       0 |   0.0 |      28 |       0 |   0.0
       D:10 |     751 |      91 |  10.8 |      18 |       1 |   5.3
       D:11 |    1103 |       0 |   0.0 |       3 |       0 |   0.0
   Gauntlet |       0 |    1735 | 100.0 |       0 |       2 | 100.0
            +---------+---------+-------+---------+---------+-------
